 Dungeon Crawl Stone Soup version 0.16-a0-1132-gad589c6 (webtiles) character file.

74 RobertPalmer the Insei (level 4, -3/31 HPs)
             Began as an Octopode Monk on Oct 7, 2014.
             Was a Believer of Nemelex Xobeh.
             Slain by Crazy Yiuf
             ... wielding a +4 quarterstaff of chaos
              (15 damage)
             ... on level 2 of the Dungeon.
             The game lasted 00:03:16 (820 turns).

RobertPalmer the Insei (Octopode Monk)               Turns: 820, Time: 00:03:16

Health: -3/31      AC:  1    Str: 10    XL:     4   Next: 28%
Magic:  2/6        EV: 13    Int: 13    God:    Nemelex Xobeh [**....]
Gold:   38         SH:  0    Dex: 14    Spells: 0 memorised, 3 levels left

rFire  . . .     SeeInvis .       - Unarmed
rCold  . . .     Clarity  .     (no shield)
rNeg   . . .     SustAb   .     (helmet restricted)
rPois  .         Gourm    .     (no amulet)
rElec  .         Spirit   .     (no ring)
rCorr  .         Warding  .     (no ring)
rMut   .         Stasis   .     (no ring)
MR     .....                    (no ring)
Stlth  +++.......               (no ring)
                                (no ring)
                                (no ring)
                                (no ring)

@: not resistant to hostile enchantments, fairly stealthy
A: almost no armour, amphibious, 8 rings, constrict 8, camouflage 1, gelatinous
body 1
a: Draw One, Peek at Two, Renounce Religion


You were on level 2 of the Dungeon.
You worshipped Nemelex Xobeh.
Nemelex Xobeh was pleased with you.
You were not hungry.

You visited 1 branch of the dungeon, and saw 2 of its levels.

You collected 38 gold pieces.


Innate Abilities, Weirdness & Mutations

You cannot wear most types of armour.
You are amphibious.
You can wear up to eight rings at the same time.
You can use your tentacles to constrict many enemies at once.
Your skin changes colour to match your surroundings (Stealth).
Your rubbery body absorbs attacks (AC +1).


   Skills:
 - Level 3.0 Fighting
 - Level 3.5 Dodging
 - Level 2.6 Stealth
 - Level 4.0 Unarmed Combat
 + Level 3.9 Evocations


You had 3 spell levels left.
You didn't know any spells.

Inventory:

Comestibles
 b - 2 bread rations
 g - a royal jelly
 h - 2 beef jerkies
 p - 3 chunks of hobgoblin flesh {@*1}
Scrolls
 j - a scroll of recharging {unknown}
 l - a scroll of identify {unknown}
Jewellery
 f - an uncursed ring of magical power {unknown}
Potions
 a - a potion of curing {unknown}
 d - a potion of heal wounds {unknown}
 e - a potion of resistance {unknown}
 i - a potion of haste {unknown}
 m - a potion of brilliance {unknown}
 o - a potion of poison {unknown}
 q - a potion of cure mutation {unknown}
Miscellaneous
 c - a legendary deck of war
 k - a plain deck of war
 n - a plain deck of war {drawn: 4}

Dungeon Overview and Level Annotations

Branches:
Dungeon (2/15)

Altars:
Ashenzari
Kikubaaqudgha
Nemelex Xobeh
Sif Muna

Annotations:
D:2 Crazy Yiuf

##.......##....###..##
#...####>#......#..##
# #.#....#.##.......##
# ##############....#
## #....##.####. #####
#.....(....#. #..)#
######....... #...#
#..###... #@g@# ###.##
###. ##Z## ###...# #.
##.# #...########.
#.## #(..# #..... ##.#
###.####...## #.##
#......#... ##.##
####.%....#.. #...##
#......##...# #....#
#.##..####.##


You could see Crazy Yiuf, the friendly RobertPalmer's illusion and a friendly
goblin skeleton.


Message History

Unknown command.
You draw a card...
It is Pain.
You have drawn Pain.
Aim: Crazy Yiuf, wielding a quarterstaff of chaos and wearing a cloak (resting)
Okay, then.
Crazy Yiuf completely misses you.
You draw a card...
It is the Bones.
Crazy Yiuf says, "Mountain tortoise broken!"
Crazy Yiuf hits you with a quarterstaff of chaos!
You feel your power leaking away.
Crazy Yiuf twirls on the spot.
RobertPalmer's illusion hits Crazy Yiuf but does no damage.
Unknown command.
You are now empty-tentacled.
Crazy Yiuf barely misses you.
You tentacle-slap Crazy Yiuf but do no damage.
Your goblin skeleton hits Crazy Yiuf.
RobertPalmer's illusion hits Crazy Yiuf but does no damage.
You tentacle-slap Crazy Yiuf.
Crazy Yiuf is lightly wounded.
Crazy Yiuf hits you with a quarterstaff of chaos!
* * * LOW HITPOINT WARNING * * *
Crazy Yiuf burns you.
* * * LOW HITPOINT WARNING * * *
RobertPalmer's illusion hits Crazy Yiuf.
Unknown command.
You tentacle-slap Crazy Yiuf but do no damage.
Crazy Yiuf is moderately wounded.
Crazy Yiuf hits you with a quarterstaff of chaos!
You die...
Your body glows slightly and disappears.

Action                   |  1- 3 |  4- 6 || total
-------------------------+-------+-------++-------
Melee: Unarmed           |    55 |     6 ||    61
Evoke: Deck              |    13 |     3 ||    16
 Stab: Distracted        |     1 |       ||     1
       Sleeping          |     4 |       ||     4
       Invisible         |     1 |       ||     1

Vault maps used:
D:1:      dpeg_arrival_morbid_curiosity
D:2:      evilmike_ruin_ashenzari, gammafunk_temple_overflow_wave,
          nemelex_lonely_heart_becter, uniq_crazy_yiuf_cottage

Notes
Turn   | Place    | Note
--------------------------------------------------------------
     0 | D:1      | RobertPalmer, the Octopode Monk, began the quest for the Orb.
     0 | D:1      | Reached XP level 1. HP: 16/16 MP: 1/1
   191 | D:2      | Found a sparkling altar of Nemelex Xobeh.
   197 | D:2      | Became a worshipper of Nemelex Xobeh the Trickster
   197 | D:2      | Received a gift from Nemelex Xobeh
   197 | D:2      | Acquired Nemelex Xobeh's first power
   197 | D:2      | Received a gift from Nemelex Xobeh
   197 | D:2      | Acquired Nemelex Xobeh's second power
   211 | D:2      | Reached XP level 2. HP: 17/21 MP: 2/2
   221 | D:2      | Reached skill level 1 in Evocations
   358 | D:2      | Reached skill level 2 in Evocations
   368 | D:2      | Reached XP level 3. HP: 26/26 MP: 4/4
   394 | D:2      | Found a deep blue altar of Sif Muna.
   394 | D:2      | Found an ancient bone altar of Kikubaaqudgha.
   451 | D:2      | Received a gift from Nemelex Xobeh
   561 | D:2      | Found a shattered altar of Ashenzari.
   562 | D:2      | Received a gift from Nemelex Xobeh
   661 | D:2      | Reached skill level 3 in Evocations
   675 | D:2      | Reached XP level 4. HP: 21/31 MP: 6/6
   806 | D:2      | Noticed Crazy Yiuf
   820 | D:2      | Slain by Crazy Yiuf

Vanquished Creatures
  2 adders (D:2)
  A worm (D:2)
  A giant cockroach (D:2)
  2 hobgoblins (D:2)
  3 jackals
  6 bats
  A giant newt (D:1)
  3 goblins (D:2)
  5 kobolds
  A rat (D:2)
25 creatures vanquished.

Vanquished Creatures (collateral kills)
  4 gnolls (D:2)
  A worm (D:2)
  A jackal (D:2)
6 creatures vanquished.

Vanquished Creatures (others)
  A dancing weapon (D:2)
1 creature vanquished.

Grand Total: 32 creatures vanquished
